 Dungeon Crawl Stone Soup version 0.23.2-1-ga50397a (webtiles) character file.

Game seed: 5305889653254375006

528 funkygono the Covered (level 7, -19/61 HPs)
             Began as a Minotaur Fighter on May 7, 2019.
             Was an Initiate of the Shining One.
             Engulfed by a cloud of flame (22 damage)
             ... on level 4 of the Dungeon on May 8, 2019.
             The game lasted 00:08:31 (4293 turns).

funkygono the Covered (Minotaur Fighter)            Turns: 4293, Time: 00:08:32

Health: -19/61     AC:  8    Str: 23    XL:     7   Next: 3%
Magic:  6/6        EV:  8    Int:  5    God:    the Shining One [......]
Gold:   238        SH: 12    Dex:  9    Spells: 6/6 levels left

rFire    x . .     SeeInvis .   a - +3 flail
rCold    + . .     Gourm    .   c - +2 shield
rNeg     . . .     Faith    .   b - +0 scale mail
rPois    .         Spirit   .   (helmet restricted)
rElec    .         Reflect  .   (no cloak)
rCorr    .         Harm     .   p - +0 pair of gloves
MR       .....                  (no boots)
Stlth    ..........             (no amulet)
HPRegen  0.20/turn              k - ring of ice
MPRegen  0.10/turn              (no ring)

@: glowing
A: retaliatory headbutt, horns 2
a: Renounce Religion


You were on level 4 of the Dungeon.
You worshipped the Shining One.
The Shining One was noncommittal.
You were hungry.

You visited 2 branches of the dungeon, and saw 5 of its levels.

You collected 238 gold pieces.

Inventory:

Hand Weapons
 a - a +3 flail (weapon)
 l - a +0 hand crossbow
Armour
 b - a +0 scale mail (worn)
 c - a +2 shield (worn)
 p - a +0 pair of gloves (worn)
Jewellery
 k - a ring of ice (left hand)
 q - an uncursed ring of protection from magic {unknown}
Scrolls
 g - a scroll of identify
Potions
 d - 2 potions of might
 e - 5 potions of flight
 h - a potion of heal wounds
 i - a potion of ambrosia
 j - 2 potions of magic
 m - a potion of cancellation
 n - a potion of degeneration {unknown}
 o - a potion of curing {unknown}
 r - a potion of lignification {unknown}
Comestibles
 f - 10 rations


   Skills:
 * Level 5.0 Fighting
 * Level 5.5 Maces & Flails
 * Level 6.1 Armour
 + Level 0.9 Dodging
 + Level 0.4 Stealth
 * Level 5.2 Shields


You had 6 spell levels left.
You didn't know any spells.
Your spell library was empty.

Dungeon Overview and Level Annotations

Branches:
Dungeon (4/15)             Temple (1/1) D:4

Altars:
Ashenzari
Cheibriados
Elyvilon
Hepliaklqana
Kikubaaqudgha
Makhleb
Nemelex Xobeh
Okawaru
Qazlal
Sif Muna
Uskayaw
Vehumet
Wu Jian
Xom
Yredelemnul
Zin
The Shining One


Innate Abilities, Weirdness & Mutations

You reflexively headbutt those who attack you in melee.
You have a pair of horns on your head.


Message History

The howler monkey hoots and howls with incredible vigour!
The howler monkey hoots and howls with incredible vigour!
The howler monkey hoots and howls with incredible vigour!
The howler monkey hoots and howls with incredible vigour!
The howler monkey hoots and howls with incredible vigour!
The howler monkey hoots and howls with incredible vigour!
The howler monkey hoots and howls with incredible vigour!
The howler monkey hoots and howls with incredible vigour!
The howler monkey hoots and howls with incredible vigour!
The howler monkey hoots and howls with incredible vigour!
The howler monkey hoots and howls with incredible vigour!
The howler monkey hoots and howls with incredible vigour!
Really walk into a travel-excluded area?
Really walk into that cloud of flame?
You are engulfed in blazing flames.
The howler monkey hoots and howls with incredible vigour!
You are engulfed in blazing flames.
* * * LOW HITPOINT WARNING * * *
You are engulfed in blazing flames.
You die...

.......#............>.#.....#
.......#..............#.....#
.......#..............#!....#
.......#..............'.....#
.......#..............#.....#
.......#..............#.....####
.......##....##.#.....#.).......
..############...######.........
..# #§☼@# #......... #§☼§#
#......... #☼°§# #.........
######...######.........
.#r○§§......§○o#.........
#.h§☼☼......§§oo.........
...☼§§......§§oo.....###+
..#####...#####......# #.§☼#
#......+


There were no monsters in sight!

Vanquished Creatures
  A black bear (D:4)
  An ogre (D:4)
  2 scorpions (D:4)
  A hound (D:4)
  An orc priest (D:4)
  An orc wizard (D:4)
  Robin (D:3)
  6 adders
  3 gnolls (D:3)
  A worm (D:3)
  2 dart slugs
  2 leopard geckos
  7 orcs
  8 bats
  3 giant cockroaches
  10 goblins (D:3)
  4 hobgoblins
  5 kobolds
  2 quokkas
  2 ball pythons (D:3)
  A frilled lizard (D:1)
  A leopard gecko skeleton (D:4)
  7 rats
72 creatures vanquished.

Notes
Turn   | Place    | Note
-------+----------+-------------------------------------------
     0 | D:1      | funkygono the Minotaur Fighter began the quest for the Orb.
     0 | D:1      | Reached XP level 1. HP: 19/19 MP: 0/0
   507 | D:1      | Reached XP level 2. HP: 26/27 MP: 1/1
   947 | D:2      | Found an ornate altar of the Wu Jian Council.
   948 | D:2      | Found an ancient bone altar of Kikubaaqudgha.
   993 | D:2      | Reached skill level 4 in Armour
  1344 | D:2      | Reached XP level 3. HP: 33/33 MP: 2/2
  1826 | D:3      | Found a radiant altar of Vehumet.
  1828 | D:3      | Noticed Robin
  1853 | D:3      | Killed Robin
  1853 | D:3      | Reached XP level 4. HP: 21/40 MP: 3/3
  2498 | D:3      | Reached skill level 5 in Armour
  2498 | D:3      | Reached XP level 5. HP: 8/47 MP: 4/4
  2804 | D:3      | Found a shimmering altar of Xom.
  3522 | D:4      | Noticed an ogre
  3528 | D:4      | Killed an ogre
  3528 | D:4      | Reached XP level 6. HP: 25/53 MP: 5/5
  3629 | D:4      | Found a staircase to the Ecumenical Temple.
  3632 | D:4      | Reached skill level 5 in Maces & Flails
  3632 | D:4      | Reached skill level 6 in Armour
  3632 | D:4      | Reached skill level 5 in Shields
  3740 | Temple   | Entered the Ecumenical Temple
  3755 | Temple   | Became a worshipper of the Shining One
  3960 | D:4      | Reached skill level 5 in Fighting
  3960 | D:4      | Reached XP level 7. HP: 59/61 MP: 6/6
  3999 | D:4      | HP: 2/61 [something (16)]
  4292 | D:4      | HP: 3/61 [something (30)]
  4293 | D:4      | Engulfed by a cloud of flame

Skill      XL: |  1  2  3  4  5  6 |
---------------+-------------------+-----
Fighting       | 4 5 |  5.0
Armour         | 4 5 6 |  6.1
Shields        | 4 5 |  5.2
Maces & Flails | 3 4 5 |  5.5
Dodging        | |  0.9
Stealth        | |  0.4

Action                   |  1- 3 |  4- 6 |  7- 9 || total
-------------------------+-------+-------+-------++-------
Melee: Flail             |    71 |   132 |     4 ||   207
       Headbutt          |     4 |    28 |     1 ||    33
  Use: Scroll            |    15 |     3 |       ||    18
  Eat: Chunk             |     2 |     7 |     1 ||    10
Armor: Scale mail        |    37 |    55 |       ||    92
Dodge: Dodged            |    24 |    38 |       ||    62
Block: Shield            |    42 |    71 |     1 ||   114
